 Dungeon Crawl Stone Soup version 0.20-a0-77-g476458c (webtiles) character file.

495 KristoblXynda the Chopper (level 6, -1/48 HPs)
             Began as a Draconian Skald on Nov 19, 2016.
             Was a Follower of Uskayaw.
             Slain by an ogre
             ... wielding a +0 giant club
              (18 damage)
             ... on level 4 of the Dungeon.
             The game lasted 00:05:12 (2699 turns).

KristoblXynda the Chopper (Draconian Skald)         Turns: 2699, Time: 00:05:12

Health: -1/48      AC:  6    Str: 13 (15) XL:     6   Next: 92%
Magic:  9/9        EV: 13    Int: 12 (14) God:    Uskayaw [*.....]
Gold:   378        SH:  0    Dex:  7 (10) Spells: 1 memorised, 8 levels left

rFire  . . .     SeeInvis .     a - +1 hand axe
rCold  . . .     Gourm    .     (armour unavailable)
rNeg   . . .     Faith    .     (no shield)
rPois  .         Spirit   .     (helmet restricted)
rElec  .         Reflect  .     (no cloak)
rCorr  .         Harm     .     (no gloves)
MR     .....                    (no boots)
Stlth  +.........               (no amulet)
                                (no ring)
                                (no ring)

@: about to teleport
A: unfitting armour, cold-blooded, AC +6
a: Stomp, Renounce Religion


You were on level 4 of the Dungeon.
You worshipped Uskayaw.
Uskayaw was noncommittal.
You were full.

You visited 1 branch of the dungeon, and saw 4 of its levels.
You also visited: Ossuary.

You collected 378 gold pieces.

Inventory:

Hand Weapons
 a - a +1 hand axe (weapon)
Armour
 h - a +0 shield
Jewellery
 p - a +3 amulet of reflection {unknown}
Wands
 j - a wand of paralysis (10/24)
Scrolls
 g - a scroll of identify
 k - a scroll of magic mapping {unknown}
 l - a scroll of blinking
Potions
 d - 2 potions of haste
 e - 5 potions of flight
 f - a potion of degeneration
 m - 6 potions of curing
Books
 b - a book of Battle

   Spells                             Type                      Level
   a - Infusion                       Charms                       1
   b - Shroud of Golubria             Charms/Translocation         2
   c - Song of Slaying                Charms                       2
   d - Spectral Weapon                Hexes/Charms                 3
   e - Regeneration                   Charms/Necromancy            3
Comestibles
 c - 3 bread rations


   Skills:
 - Level 2.1 Fighting
 + Level 4.6 Axes
 + Level 3.9 Dodging
 - Level 2.0 Spellcasting
 + Level 4.6 Charms


You had 8 spell levels left.
You knew the following spells:

 Your Spells              Type           Power        Failure   Level  Hunger
a - Infusion              Chrm           ##..         4%          1    ##.....


Dungeon Overview and Level Annotations

Branches:
Dungeon (4/15)
 Temple: D:4-7

Altars:
Hepliaklqana
Trog
Uskayaw
Zin


Innate Abilities, Weirdness & Mutations

Your plain brown scales are hard. (AC +6)
You cannot fit into any form of body armour.
You are cold-blooded and may be slowed by cold attacks.


Message History

You feel weakened.
You feel dopey.
You feel clumsy. The ogre hits you with a giant club! The iguana bites you.
Really walk into that arrow trap? [Y]es or [N]o only, please.
Really walk into that arrow trap?
Okay, then.
Really walk into that arrow trap? [Y]es or [N]o only, please.
Really walk into that arrow trap? [Y]es or [N]o only, please.
Really walk into that arrow trap? [Y]es or [N]o only, please.
Really walk into that arrow trap?
Okay, then.
The iguana barely misses you.
There is an open door here.
An arrow hits the iguana!
As you read the scroll of teleportation, it crumbles to dust.
You feel strangely unstable. The ogre hits you with a giant club!!
You die...

#.##..... #........
#........ # #......#
#. #......# #.##
####......# ...
#.........#
####.#.#####.#!##.#.##
.......@O.......#.# #
###.#####'#####.# #
#..l..# .# ##...## ##
##.## ###


You could see an ogre.

Vanquished Creatures
  The ghost of anet the Magician, a novice DEWz (Ossuary)
  Ijyb (D:3)
  8 mummies (Ossuary)
  4 adders
  3 worms
  A dart slug (D:1)
  4 leopard geckos
  6 orcs (D:3)
  A ball python (D:3)
  5 bats
  5 giant cockroaches
  7 goblins
  5 hobgoblins
  14 jackals
  3 frilled lizards
  A gnoll zombie (Ossuary)
  5 hobgoblin zombies (Ossuary)
  7 kobolds
  2 kobold zombies (Ossuary)
  7 rats
90 creatures vanquished.

Vanquished Creatures (others)
  A ball python (D:4)
1 creature vanquished.

Grand Total: 91 creatures vanquished

Notes
Turn   | Place    | Note
-------+----------+-------------------------------------------
     0 | D:1      | KristoblXynda the Draconian Skald began the quest for the Orb.
     0 | D:1      | Reached XP level 1. HP: 17/17 MP: 3/3
   128 | D:1      | Reached XP level 2. HP: 20/24 MP: 5/5
   477 | D:1      | Reached XP level 3. HP: 28/29 MP: 6/6
  1119 | D:2      | Found a glowing silver altar of Zin.
  1530 | D:2      | Reached XP level 4. HP: 22/36 MP: 7/7
  2192 | D:3      | Found a hazy altar of Hepliaklqana.
  2193 | D:3      | Found a hide-covered altar of Uskayaw.
  2225 | D:3      | Found a bloodstained altar of Trog.
  2258 | D:3      | Became a worshipper of Uskayaw the Reveler
  2299 | D:3      | Reached * piety under Uskayaw
  2307 | D:3      | Reached ** piety under Uskayaw
  2311 | D:3      | Reached *** piety under Uskayaw
  2401 | D:3      | Noticed Ijyb
  2408 | D:3      | Paralysed by Ijyb for 4 turns
  2416 | D:3      | Killed Ijyb
  2416 | D:3      | Reached XP level 5. HP: 36/41 MP: 8/8
  2476 | D:4      | Noticed an ogre
  2482 | D:4      | Found a sand-covered staircase.
  2488 | Ossuary  | Entered an ossuary
  2503 | Ossuary  | Noticed anet's ghost (novice DEWz)
  2513 | Ossuary  | Reached **** piety under Uskayaw
  2521 | Ossuary  | Reached ***** piety under Uskayaw
  2529 | Ossuary  | Reached ****** piety under Uskayaw
  2538 | Ossuary  | Reached XP level 6. HP: 41/48 MP: 9/9
  2543 | Ossuary  | Killed anet's ghost
  2699 | D:4      | Slain by an ogre

Vault maps used:
D:1:      eino_arrival_water_cross
D:2:      zin_treasury, serial_glass, glass_columns_c, glass_columns_b,
          glass_columns_a, glass_columns_b, glass_columns_b, glass_columns_a,
          glass_columns_a, glass_columns_a
D:3:      nicolae_overflow_hidden_temple, lemuel_round_altar,
          gammafunk_temple_overflow_statue, first_bread, uniq_iyjb
D:4:      makhleb_grotto_becter, gup_ossuary_entry_pyramid, minivault_19
Ossuary:  ossuary_tomb_3

Skill      XL: |  1  2  3  4  5 |
---------------+----------------+-----
Charms         | 3 4 |  4.6
Dodging        | 2 3 |  3.9
Axes           | 3 4 |  4.6
Fighting       | |  2.1
Spellcasting   | |  2.0

Action                   |  1- 3 |  4- 6 || total
-------------------------+-------+-------++-------
Melee: Hand axe          |   150 |   148 ||   298
       Tailslap          |    19 |     8 ||    27
  Use: Scroll            |       |     9 ||     9
       Potion            |       |     6 ||     6
 Stab: Sleeping          |     1 |       ||     1
       Paralysed         |       |    11 ||    11
  Eat: Chunk             |     2 |     2 ||     4
       Pizza             |       |     1 ||     1
       Meat ration       |       |     1 ||     1
Armor: Skin              |    63 |   110 ||   173
Dodge: Dodged            |   161 |   107 ||   268
